 Dungeon Crawl Stone Soup version 0.22-a0-512-g0943f25562 (webtiles) character file.

167 Niddhogr the Sneak (level 5, -9/41 HPs)
             Began as a Formicid Fighter on June 18, 2018.
             Mangled by Duvessa
             ... wielding a +0 short sword
              (11 damage)
             ... on level 4 of the Dungeon.
             The game lasted 00:04:40 (3418 turns).

Niddhogr the Sneak (Formicid Fighter)               Turns: 3418, Time: 00:04:40

Health: -9/41      AC:  6    Str: 25    XL:     5   Next: 76%
Magic:  5/5        EV:  8    Int:  8    God:
Gold:   151        SH: 10    Dex: 11    Spells: 4/4 levels left

rFire    . . .     SeeInvis +   a - +0 trident
rCold    . . .     Gourm    .   c - +0 shield
rNeg     . . .     Faith    .   b - +0 scale mail
rPois    .         Spirit   .   (helmet unavailable)
rElec    .         Reflect  .   (no cloak)
rCorr    .         Harm     .   (no gloves)
MR       .....                  (no boots)
Stlth    +.........             (no amulet)
HPRegen  0.13/turn              (no ring)
MPRegen  0.09/turn              (no ring)

@: mighty
A: permanent stasis, dig shafts and tunnels, four strong arms, antennae 3
a: Dig, Shaft Self


You were on level 4 of the Dungeon.
You were hungry.

You visited 1 branch of the dungeon, and saw 4 of its levels.

You collected 151 gold pieces.

Inventory:

Hand Weapons
 a - a +0 trident (weapon)
Armour
 b - a +0 scale mail (worn)
 c - a +0 shield (worn)
Wands
 i - a wand of paralysis (12)
Scrolls
 g - a scroll of magic mapping
 r - a scroll of noise {unknown}
 s - a scroll of identify {unknown}
 t - a scroll of fog {unknown}
Potions
 d - 2 potions of might
 e - a potion of ambrosia {unknown}
 h - a potion of heal wounds {unknown}
 j - a potion of mutation {unknown}
 k - a potion of cancellation {unknown}
 m - a potion of magic {unknown}
 n - a potion of curing {unknown}
 q - a potion of degeneration {unknown}
 u - a potion of agility {unknown}
Comestibles
 f - 7 rations


   Skills:
 - Level 3.2 Fighting
 + Level 4.1 Polearms
 - Level 3.2 Armour
 + Level 4.5 Stealth
 - Level 3.6 Shields


You had 4 spell levels left.
You didn't know any spells.
Your spell library was empty.

Dungeon Overview and Level Annotations

Branches:
Dungeon (4/15)
 Temple: D:4-7

Altars:
Elyvilon
The Shining One

Annotations:
D:4 Duvessa


Innate Abilities, Weirdness & Mutations

You cannot be hasted, slowed, berserked, paralysed or teleported.
You can dig through walls and to a lower floor.
Your four strong arms can wield two-handed weapons with a shield.
You have a pair of large antennae on your head. (SInv)


Message History

You block Duvessa's attack.
You hit Duvessa.
Duvessa is heavily wounded.
Duvessa says, "When magic and the sword combine, nothing stands against them."
Duvessa hits you but does no damage.
You hit Duvessa but do no damage.
Duvessa is heavily wounded.
You block Duvessa's attack.
You puncture Duvessa!
Duvessa is severely wounded.
Duvessa hits you with a short sword.
* * * LOW HITPOINT WARNING * * *
Your scale mail prevents you from hitting Duvessa.
Duvessa is severely wounded.
Duvessa hits you with a short sword.
* * * LOW HITPOINT WARNING * * *
You barely miss Duvessa.
Duvessa is severely wounded.
Duvessa hits you with a short sword!
You die...

.# ##.##. ......
#....#. .......
## ##.....$. ##.
#...?....
#..#####h.......
#...@eZ.......
#.####........
#.# #........
#...# #........
#...##
#......... #(..
#.#.##.##. #...
.. .# .# #...
#.# ## # #... #.
{


You could see Duvessa, a hound and an adder skeleton.

Vanquished Creatures
  4 gnolls (D:3)
  3 adders
  An ooze (D:2)
  3 worms
  4 leopard geckos
  8 orcs (D:3)
  3 giant cockroaches
  6 hobgoblins
  8 jackals
  7 kobolds
  2 quokkas
  A ball python (D:1)
  A bat (D:1)
  2 frilled lizards
  5 goblins
  22 rats
80 creatures vanquished.

Notes
Turn   | Place    | Note
-------+----------+-------------------------------------------
     0 | D:1      | Niddhogr the Formicid Fighter began the quest for the Orb.
     0 | D:1      | Reached XP level 1. HP: 18/18 MP: 1/1
    50 | D:1      | Reached skill level 1 in Stealth
    61 | D:1      | Reached XP level 2. HP: 21/24 MP: 2/2
   858 | D:2      | Reached XP level 3. HP: 20/29 MP: 3/3
  1305 | D:2      | Reached XP level 4. HP: 18/35 MP: 4/4
  2382 | D:3      | Reached XP level 5. HP: 29/41 MP: 5/5
  3120 | D:3      | Found a glowing golden altar of the Shining One.
  3202 | D:3      | Found a white marble altar of Elyvilon.
  3271 | D:4      | Noticed Duvessa
  3417 | D:4      | HP: 2/41 [Duvessa/short sword (6)]
  3418 | D:4      | Mangled by Duvessa

Vault maps used:
D:1:      dpeg_arrival_tiny_c
D:2:      minivault_5, minmay_rat_hole
D:3:      lemuel_doored_altar, nicolae_overflow_crystal_walls
D:4:      lemuel_crystal_altar, kennysheep_mini,
          minmay_temple_entry_glassed_door, first_ration,
          gammafunk_ghost_necromancy, corexii_corridor_pit, uniq_duvessa

Skill      XL: |  1  2  3  4  5 |
---------------+----------------+-----
Stealth        | 1 2 3 4 |  4.5
Polearms       | 3 4 |  4.1
Fighting       | |  3.2
Armour         | |  3.2
Shields        | |  3.6

Action                   |  1- 3 |  4- 6 || total
-------------------------+-------+-------++-------
Melee: Trident           |   130 |   202 ||   332
Evoke: Wand              |       |     1 ||     1
  Use: Scroll            |       |     5 ||     5
       Potion            |       |     1 ||     1
  Eat: Chunk             |     1 |     7 ||     8
Armor: Scale mail        |    55 |    51 ||   106
Dodge: Dodged            |    41 |    50 ||    91
Block: Shield            |    73 |    86 ||   159

Table legend:
 A = Spawn XP
 B = Non-spawn XP
 C = Spawn XP percentage of total XP
 D = Spawn monster count
 E = Non-spawn monster count
 F = Spawn count percentage of total count
 G = Total turns spent on level
                    A         B        C        D         E        F      G
               +---------+---------+-------+---------+---------+-------+---------
         Total |       0 |     239 |   0.0 |       0 |      80 |   0.0 |  3418
               +---------+---------+-------+---------+---------+-------+---------
           D:1 |       0 |      28 |   0.0 |       0 |      16 |   0.0 |   844
           D:2 |       0 |      69 |   0.0 |       0 |      34 |   0.0 |  1412
           D:3 |       0 |     137 |   0.0 |       0 |      29 |   0.0 |  1014
           D:4 |       0 |       5 |   0.0 |       0 |       1 |   0.0 |   148
               +---------+---------+-------+---------+---------+-------+---------
